 Dungeon Crawl Stone Soup version 0.26-a0-753-g4680b4fa2e (webtiles) character file.

Game seed: 10950240192236098451

110105 Riddle the Envoy of Void (level 16, -8/133 HPs)
             Began as a Demonspawn Abyssal Knight on Nov 7, 2020.
             Was a High Priest of Lugonu.
             Mangled by an iron troll (9 damage)
             ... on level 1 of the Depths.
             The game lasted 01:22:38 (30147 turns).

Riddle the Envoy of Void (DsAK)                    Turns: 30147, Time: 01:22:39

Health: -8/133     AC: 29    Str: 29    XL:     16   Next: 6%
Magic:  0/28       EV: 12    Int: 21    God:    Lugonu [*****.]
Gold:   1035       SH: 12    Dex: 18    Spells: 15/15 levels left

rFire    + . .     SeeInvis .   Q - +5 morningstar "Sarcophage" {vamp, rF- Str+10}
rCold    + . .     Faith    .   P - +0 kite shield {rF+}
rNeg     + . .     Spirit   +   O - +2 plate armour "Mipseisch" {Dex+7}
rPois    .         Reflect  .   x - +1 hat of the Wild Haggis {rElec Regen+ Dex-2}
rElec    +         Harm     .   S - scarf {repulsion}
rCorr    +         Rampage  .   (gloves unavailable)
MR       .....                  (no boots)
Stlth    ..........             c - amulet of regeneration
HPRegen  1.12/turn              u - ring of resist corrosion
MPRegen  0.42/turn              V - ring of Liberty {+Fly rF+ rC+ MR- Int+7}

@: sanguine armour, repel missiles
A: claws 3, demonic guardian 2, negative energy resistance 1, magic shield,
magic regeneration, sanguine armour 3
a: Depart the Abyss, Bend Space, Banish, Corrupt, Enter the Abyss, Renounce
Religion, Evoke Flight


You were on level 1 of the Depths.
You worshipped Lugonu.
Lugonu was extremely pleased with you.
You visited 4 branches of the dungeon, and saw 24 of its levels.
You visited the Abyss 1 time.
You also visited: Volcano.

You collected 2455 gold pieces.
You spent 1420 gold pieces at shops.

Inventory:

Hand Weapons
 Q - the +5 morningstar "Sarcophage" (weapon) {vamp, rF- Str+10}
   (You found it on level 4 of the Lair of Beasts)

   It inflicts no extra harm, but heals its wielder when it wounds a living foe.
   It affects your strength (+10).
   It makes you vulnerable to fire.
Armour
 x - the +1 hat of the Wild Haggis (worn) {rElec Regen+ Dex-2}
   (You acquired it on level 1 of the Lair of Beasts)

   It affects your dexterity (-2).
   It insulates you from electricity.
   It increases your rate of regeneration.
 O - the +2 plate armour "Mipseisch" (worn) {Dex+7}
   (You bought it in a shop on level 2 of the Orcish Mines)

   It affects your dexterity (+7).
 P - a +0 kite shield of fire resistance (worn)
 S - a scarf of repulsion (worn)
 X - a cursed +0 pair of gloves
Jewellery
 c - an amulet of regeneration (around neck)
 h - a +4 ring of protection
 u - a ring of resist corrosion (left claw)
 V - the ring of Liberty (right claw) {+Fly rF+ rC+ MR- Int+7}
   (You found it on level 11 of the Dungeon)

   [ring of protection from cold]

   It affects your intelligence (+7).
   It protects you from fire.
   It protects you from cold.
   It affects your resistance to hostile enchantments.
   It lets you fly.
Wands
 e - a wand of acid (32)
 g - a wand of digging (18)
 m - a wand of iceblast (5)
 r - a wand of flame (37)
 I - a wand of paralysis (15)
 M - a wand of enslavement (49)
 U - a wand of polymorph (19)
Scrolls
 d - 2 scrolls of magic mapping
 n - 4 scrolls of amnesia
 p - a scroll of identify
 q - 5 scrolls of enchant weapon
 s - 4 scrolls of teleportation
 v - 2 scrolls of silence
 y - a scroll of holy word
 A - 7 scrolls of enchant armour
 E - 7 scrolls of remove curse
 F - 4 scrolls of fog
 G - 4 scrolls of blinking
 H - a scroll of fear
 K - a scroll of summoning
 L - a scroll of vulnerability
 T - a scroll of brand weapon
Potions
 a - 2 potions of berserk rage {unknown}
 b - 5 potions of heal wounds
 i - 3 potions of flight
 j - a potion of resistance {unknown}
 k - 5 potions of ambrosia
 l - 13 potions of curing
 o - 6 potions of lignification
 t - 4 potions of mutation {unknown}
 w - 3 potions of attraction {unknown}
 z - 4 potions of brilliance {unknown}
 B - 2 potions of magic {unknown}
 D - 7 potions of might
 J - a potion of invisibility {unknown}
 N - 3 potions of haste
 W - a potion of cancellation {unknown}
Miscellaneous
 R - a phial of floods


   Skills:
 * Level 14.3 Fighting
   Level 1.9 Long Blades
   Level 4.0(8.7) Axes
 * Level 11.8(12.1) Maces & Flails
 - Level 9.6 Armour
 - Level 9.5 Dodging
 * Level 7.3 Shields
 * Level 17.7 Invocations


You had 15 spell levels left.
You didn't know any spells.
Your spell library contained the following spells:

 Spells                   Type           Power        Failure   Level
 Foxfire                  Conj/Fire      #...         98%         1
 Conjure Flame            Conj/Fire      #.......     100%        3
 Inner Flame              Hex/Fire       #.......     100%        3
 Animate Dead             Necr           #.........   100%        4
 Leda's Liquefaction      Hex/Erth       #.........   100%        4
 Sticky Flame             Conj/Fire      #.......     100%        4
 Bolt of Magma            Conj/Fire/Erth #.........   100%        5
 Borgnjor's Vile Clutch   Necr/Erth      #.........   100%        5
 Fireball                 Conj/Fire      #.........   100%        5
 Irradiate                Conj/Tmut      #.........   100%        5
 Death Channel            Necr           #.........   100%        6
 Hydra Form               Tmut           #.........   100%        6
 Iron Shot                Conj/Erth      #.........   100%        6
 Simulacrum               Ice/Necr       #.........   100%        6
 Statue Form              Tmut/Erth      #........    100%        6
 Dragon Form              Tmut           #.........   100%        7
 Shatter                  Erth           #.........   100%        9


Dungeon Overview and Level Annotations

Branches:
Dungeon (15/15)            Temple (0/1) D:7            Lair (6/6) D:9
  Swamp (0/4) Lair:2       Spider (0/4) Lair:3        Slime (0/5) Lair:5
    Orc (2/2) D:10            Elf (0/3) Orc:2        Vaults (0/5) D:13
 Depths (1/5) D:15        Volcano (visited)

Altars:
Elyvilon
Fedhas
Hepliaklqana
Kikubaaqudgha
Nemelex Xobeh
Okawaru
Qazlal
Ru
Uskayaw
Wu Jian
Xom
Zin
The Shining One

Shops:
D:10 (   D:15 =   Orc:2 =(*[

Portals:
Abyss: Depths:1

Annotations:
D:8 exclusion: orange crystal statue
Lair:4 exclusion: 4 oklob plants
Lair:6 corrupted
Abyss:1 Erica, Gastronok, Josephine


Innate Abilities, Weirdness & Mutations

You have claws for hands.
A demonic guardian rushes to your aid.
You resist negative energy. (rN+)
When hurt, damage is shared between your health and your magic reserves.
You regenerate magic rapidly.
When seriously injured, your bleeding wounds create very thick armour. (AC +12)


Message History

Your soul eater hits the iron troll!
You hit the iron troll.
The iron troll is moderately wounded.
Your smoke demon hits the iron troll!
Your smoke demon hits the iron troll.
Your smoke demon hits the iron troll but does no damage.
Your soul eater hits the iron troll but does no damage.
The iron troll bites your smoke demon! The iron troll claws your smoke demon!!
The iron troll claws your smoke demon.
Your smoke demon dies!
The iron troll shouts!
You hit the iron troll but do no damage.
The iron troll is heavily wounded.
Your soul eater completely misses the iron troll.
Unknown command.
You hit the iron troll.
You feel better.
The iron troll is heavily wounded.
The iron troll bites you!!!
* * * LOW HITPOINT WARNING * * *
The iron troll claws you!
You die...

#.# #.. #.# #.. #.#
####.. #^## #..+.. #..
..##.. #.# #.##..
######'### #.##.. ###
#........# #.##..
.....###@.3.....####.##..
#..TT3.......'....('..
.....###........##.∩.##..
### #........#######..
#........# #.. ##########
###


You could see an iron troll (strong), a deep troll (strong) and 2 friendly soul
eaters.

Vanquished Creatures
  An orc warlord (Orc:1)
  2 stone giants
  An ettin (Orc:2)
  3 boulder beetles (D:15)
  2 vault guards
  2 catoblepae
  3 hydras
  2 centaur warriors
  3 deep troll shamans
  2 deep troll earth magi (Depths:1)
  3 tengu warriors
  5 death yaks
  An iron troll (Depths:1)
  3 deep trolls (D:15)
  6 unseen horrors
  2 wizards (D:13)
  A deep elf archer (D:15)
  2 necromancers (D:13)
  A wolf spider (D:14)
  A manticore (D:12)
  5 ugly things
  8 cyclopes
  10 elephants
  A black mamba (shapeshifter) (D:12)
  2 molten gargoyles
  A smoke demon (Volcano)
  4 black mambas
  2 torpor snails
  5 centaur skeletons
  11 cane toads
  4 gargoyles
  2 kobold demonologists
  A yaktaur (Depths:1)
  8 komodo dragons
  3 meliai (D:15)
  5 trolls
  Grinder (D:5)
  2 polar bears
  A tyrant leech (Lair:1)
  9 slime creatures
  12 blink frogs
  A shadow (D:14)
  A vampire (D:10)
  2 wyverns
  3 wraiths
  6 fire bats (Volcano)
  A basilisk (Lair:1)
  18 humans
  42 yaks
  A steam dragon (D:13)
  3 vampire mosquitoes
  3 swamp worms (Lair:2)
  16 water moccasins
  3 acid dragons
  A naga (shapeshifter) (D:15)
  A warg (Orc:2)
  4 hell hounds (Volcano)
  27 orc warriors
  An ice beast (D:14)
  4 black bears
  3 eyes of draining
  A sky beast (D:12)
  2 phantoms
  24 wolves
  12 ogres
  7 centaurs
  5 big kobolds
  21 bullfrogs
  3 wyvern zombies
  A wyvern skeleton (D:14)
  3 scorpions
  15 wights
  19 killer bees
  A howler monkey (D:5)
  An electric eel (Lair:3)
  A bullfrog zombie (D:5)
  5 hounds
  9 lava snakes
  A quasit (D:9)
  2 bullfrog skeletons
  3 jellies
  11 orc priests
  22 orc wizards
  3 centaur zombies
  Jessica (D:2)
  Crazy Yiuf (D:3)
  4 iguanas
  Ijyb (D:3)
  6 worker ants
  A killer bee zombie (D:10)
  A hound skeleton (D:9)
  A howler monkey zombie (D:6)
  Robin (D:2)
  A worker ant zombie (D:5)
  17 adders
  A howler monkey skeleton (D:6)
  A shadow imp (D:6)
  A white imp (D:6)
  2 ufetubi
  An ooze (D:5)
  2 dart slugs
  5 leopard geckos
  76 orcs
  A ball python (D:2)
  7 bats
  A bat zombie (D:3)
  3 giant cockroaches
  8 hobgoblins
  5 jackals
  5 quokkas
  6 frilled lizards
  18 goblins
  A jackal skeleton (D:5)
  21 kobolds
  4 rats
  A rat zombie (D:3)
661 creatures vanquished.

Vanquished Creatures (collateral kills)
  A hydra (Lair:5)
  A centaur warrior (D:12)
  2 two-headed ogres (D:15)
  2 death yaks (Lair:5)
  A deep elf archer (D:15)
  A necromancer (D:13)
  An orb spider (Lair:3)
  5 cyclopes
  An ugly thing (Depths:1)
  An elephant (Lair:5)
  A centaur skeleton (D:9)
  2 cane toads (Lair:2)
  A komodo dragon (Lair:2)
  A tengu conjurer (D:14)
  3 trolls
  A hornet (D:14)
  A blink frog (Lair:4)
  5 slime creatures
  A wraith (D:11)
  A yak (Lair:3)
  2 basilisks (Lair:2)
  A swamp worm (Lair:2)
  A black bear (D:8)
  A wolf (Lair:4)
  A centaur (D:8)
  An ogre (D:5)
  A scorpion (D:13)
  2 killer bees (D:9)
  A wight (D:6)
  A lava snake (D:8)
  An orc wizard (Orc:2)
  An orc priest (Orc:1)
  A bullfrog skeleton (D:12)
  A worker ant (D:12)
  14 orcs
63 creatures vanquished.

Vanquished Creatures (others)
  5 death yaks (Lair:6)
  A lindwurm (Lair:6)
  3 elephants (Lair:6)
  3 cane toads (Lair:6)
  A polar bear (Lair:6)
  6 blink frogs (Lair:6)
  A wyvern (Lair:6)
  A basilisk (Lair:6)
  2 water moccasins (Lair:6)
  An orc wizard (Orc:2)
  A bush (Lair:2)
  A fire vortex (Lair:3)
  30 fungi
  50 plants
  5 starspawn tentacles (Lair:6)
111 creatures vanquished.

Grand Total: 835 creatures vanquished

Notes
Turn   | Place    | Note
-------+----------+-------------------------------------------
     0 | Abyss:1  | Riddle the Demonspawn Abyssal Knight began the quest for
                  | the Orb.
     0 | Abyss:1  | Reached XP level 1. HP: 18/18 MP: 2/2
    31 | Abyss:2  | Noticed a ynoxinul
    52 | Abyss:2  | Noticed a yaktaur
    57 | D:1      | Escaped the Abyss
   310 | D:1      | Reached skill level 1 in Dodging
   310 | D:1      | Reached * piety under Lugonu
   360 | D:1      | Gained mutation: When hurt, damage is shared between your
                  | health and your magic reserves. [demonic ancestry]
   360 | D:1      | Reached XP level 2. HP: 24/24 MP: 4/4
   930 | D:2      | Reached skill level 3 in Invocations
   983 | D:2      | Noticed Robin
   984 | D:2      | Gained mutation: You have sharp fingernails. [demonic
                  | ancestry]
   984 | D:2      | Reached XP level 3. HP: 29/29 MP: 5/5
  1002 | D:2      | Killed Robin
  1014 | D:2      | Gained mutation: When seriously injured, your bleeding
                  | wounds create armour. (AC +12) [demonic ancestry]
  1014 | D:2      | Reached XP level 4. HP: 32/37 MP: 3/6
  1104 | D:2      | Reached ** piety under Lugonu
  1183 | D:2      | Noticed a +0 dagger
  1183 | D:2      | Noticed a +0 dagger
  1184 | D:2      | Found a hide-covered altar of Uskayaw.
  1229 | D:2      | Found a hazy altar of Hepliaklqana.
  1344 | D:2      | Noticed Jessica
  1359 | D:2      | Killed Jessica
  1359 | D:2      | Reached skill level 4 in Invocations
  1693 | D:3      | Noticed Ijyb
  1834 | D:3      | Reached XP level 5. HP: 24/42 MP: 3/8
  1908 | D:3      | Found a glowing silver altar of Zin.
  2221 | D:3      | Found a runed translucent door.
  2222 | D:3      | Noticed Crazy Yiuf
  2262 | D:3      | Reached skill level 5 in Invocations
  2262 | D:3      | Gained mutation: You regenerate magic rapidly. [demonic
                  | ancestry]
  2262 | D:3      | Reached XP level 6. HP: 41/49 MP: 5/9
  2274 | D:3      | Reached *** piety under Lugonu
  2291 | D:3      | Killed Ijyb
  2357 | D:3      | Reached skill level 5 in Fighting
  2407 | D:3      | Killed Crazy Yiuf
  2731 | D:3      | Found an ancient bone altar of Kikubaaqudgha.
  2864 | D:4      | Found an iron altar of Okawaru.
  3110 | D:4      | You fall into a shaft and drop 3 floors!
  3125 | D:7      | You fall into a shaft and drop 1 floor!
  3264 | D:8      | Reached skill level 6 in Invocations
  3264 | D:8      | Gained mutation: When seriously injured, your bleeding
                  | wounds create thick armour. (AC +12) [demonic ancestry]
  3264 | D:8      | Reached XP level 7. HP: 51/56 MP: 8/11
  3529 | D:7      | Found a staircase to the Ecumenical Temple.
  3613 | D:7      | Found an ornate altar of the Wu Jian Council.
  3652 | D:7      | Reached skill level 7 in Invocations
  3673 | D:7      | Gained mutation: A weak demonic guardian rushes to your
                  | aid. [demonic ancestry]
  3673 | D:7      | Reached XP level 8. HP: 46/64 MP: 13/13
  3912 | D:6      | Reached **** piety under Lugonu
  4133 | D:6      | Found a white marble altar of Elyvilon.
  4157 | D:6      | Reached skill level 8 in Invocations
  4388 | D:5      | Entered Level 5 of the Dungeon
  4612 | D:5      | Found a sparkling altar of Nemelex Xobeh.
  4659 | D:5      | Noticed Grinder
  4666 | D:5      | Paralysed by Grinder for 7 turns
  4679 | D:5      | Killed Grinder
  4689 | D:5      | Reached skill level 9 in Invocations
  5067 | D:6      | Gained mutation: You have very sharp fingernails. [demonic
                  | ancestry]
  5067 | D:6      | Reached XP level 9. HP: 72/72 MP: 15/15
  5170 | D:6      | Found a sacrificial altar of Ru.
  5824 | D:8      | Reached ***** piety under Lugonu
  6245 | D:8      | Reached skill level 5 in Armour
  6364 | D:8      | Reached skill level 10 in Invocations
  6548 | D:8      | Noticed an orange crystal statue
  6553 | D:8      | Noticed a two-headed ogre
  7234 | D:9      | Reached skill level 5 in Dodging
  7349 | D:9      | Noticed a two-headed ogre
  7350 | D:9      | Banished a two-headed ogre
  7350 | D:9      | Reached skill level 11 in Invocations
  7350 | D:9      | Gained mutation: You resist negative energy. (rN+) [demonic
                  | ancestry]
  7350 | D:9      | Reached XP level 10. HP: 83/83 MP: 18/18
  7386 | D:9      | Found a shimmering altar of Xom.
  7386 | D:9      | Found a shimmering altar of Xom.
  7386 | D:9      | Found a shimmering altar of Xom.
  7386 | D:9      | Found a shimmering altar of Xom.
  7436 | D:9      | Found a shimmering altar of Xom.
  7436 | D:9      | Found a shimmering altar of Xom.
  7436 | D:9      | Found a shimmering altar of Xom.
  7437 | D:9      | Found a shimmering altar of Xom.
  7549 | D:9      | Got a shimmering trident
  7551 | D:9      | Identified the cursed +3 trident of Davvaoq {venom, Str+4
                  | Dex+3} (You found it on level 9 of the Dungeon)
  7768 | D:9      | Found a staircase to the Lair.
  7865 | D:9      | Noticed Erica
  7868 | D:9      | Banished Erica
  7904 | D:10     | Entered Level 10 of the Dungeon
  7906 | D:10     | Noticed an eight-headed hydra
  7944 | D:10     | Got a warped chain mail
  7959 | D:10     | Identified the +3 chain mail of the King of the Hill {Int+2
                  | Stlth+} (You found it on level 10 of the Dungeon)
  8008 | D:10     | Reached skill level 12 in Invocations
  8009 | D:10     | Noticed a two-headed ogre
  8114 | D:10     | Banished an eight-headed hydra
  8114 | D:10     | Reached skill level 10 in Fighting
  8154 | D:10     | Banished a two-headed ogre
  8154 | D:10     | Reached XP level 11. HP: 58/92 MP: 20/20
  8565 | D:10     | Noticed a wizard
  8627 | D:10     | Banished a wizard
  8627 | D:10     | Reached skill level 13 in Invocations
  8641 | D:10     | Got a brightly glowing jade amulet
  8653 | D:10     | Identified the amulet "Lemeb" {RegenMP +Inv Str-2 Int+3
                  | SInv} (You found it on level 10 of the Dungeon)
  8741 | D:10     | Found a staircase to the Orcish Mines.
  9200 | D:10     | Found Orghott's Weapon Shoppe.
  9467 | D:11     | Noticed a two-headed ogre
  9633 | D:11     | Noticed a seven-headed hydra
  9634 | D:11     | Banished a seven-headed hydra
  9638 | D:11     | Noticed a two-headed ogre
  9639 | D:11     | Banished a two-headed ogre
  9664 | D:11     | Killed an unseen horror
 10038 | D:11     | Got a glittering turquoise ring
 10066 | D:11     | Noticed Josephine
 10075 | D:11     | Banished Josephine
 10075 | D:11     | Reached skill level 14 in Invocations
 10258 | D:12     | Noticed a brown ugly thing
 10259 | D:12     | Banished a brown ugly thing
 10260 | D:12     | Noticed a centaur warrior
 10389 | D:12     | Killed a centaur warrior
 10478 | D:11     | Identified the ring of Liberty {+Fly rF+ rC+ MR- Int+7}
                  | (You found it on level 11 of the Dungeon)
 10484 | D:12     | Noticed an unseen horror
 10497 | D:12     | Killed an unseen horror
 10497 | D:12     | Reached XP level 12. HP: 96/101 MP: 20/22
 10643 | D:11     | HP: 5/101 [red ugly thing (14)]
 10850 | D:12     | Noticed a two-headed ogre
 10860 | D:12     | Banished a two-headed ogre
 11245 | D:12     | Noticed an eight-headed hydra
 11250 | D:12     | Banished an eight-headed hydra
 11472 | D:12     | Reached skill level 15 in Invocations
 12405 | D:13     | Reached skill level 1 in Long Blades
 12966 | D:13     | Noticed a two-headed ogre
 12975 | D:13     | Banished a two-headed ogre
 13122 | D:13     | Noticed a centaur warrior
 13160 | D:13     | Killed a centaur warrior
 14633 | D:13     | Gained mutation: You have claws for hands. [demonic
                  | ancestry]
 14633 | D:13     | Reached XP level 13. HP: 108/109 MP: 24/24
 14774 | D:13     | Reached skill level 16 in Invocations
 15132 | D:13     | Found a gate to the Vaults.
 15318 | Lair:1   | Entered Level 1 of the Lair of Beasts
 16311 | Lair:1   | Identified a scroll of acquirement
 16316 | Lair:1   | Acquired the +1 hat of the Wild Haggis {rElec Regen+ Dex-2}
 17300 | Lair:2   | Found a blossoming altar of Fedhas.
 17441 | Lair:2   | Noticed Gastronok
 17477 | Lair:2   | Banished Gastronok
 17699 | Lair:2   | Reached skill level 17 in Invocations
 18341 | Lair:2   | Found a staircase to the Swamp.
 19113 | Lair:3   | Found a hole to the Spider Nest.
 19264 | Lair:3   | Gained mutation: When seriously injured, your bleeding
                  | wounds create very thick armour. (AC +12) [demonic
                  | ancestry]
 19264 | Lair:3   | Reached XP level 14. HP: 119/119 MP: 26/26
 19807 | Lair:4   | Found a dark tunnel.
 19816 | Volcano  | Entered a volcano
 19954 | Volcano  | Found a burning altar of Makhleb.
 20254 | Lair:4   | Reached skill level 1 in Shields
 20974 | Lair:4   | Got a crude morningstar
 20975 | Lair:4   | Identified the +5 morningstar "Sarcophage" {vamp, rF-
                  | Str+10} (You found it on level 4 of the Lair of Beasts)
 21053 | Lair:4   | Reached skill level 1 in Maces & Flails
 21308 | Lair:5   | Found a staircase to the Slime Pits.
 21760 | Lair:5   | Reached skill level 5 in Maces & Flails
 22192 | Lair:6   | Entered Level 6 of the Lair of Beasts
 22348 | Lair:6   | Corrupted Lair:6
 22348 | Lair:6   | Noticed a tentacled starspawn
 22348 | Lair:6   | Noticed an ancient lich
 22348 | Lair:6   | Noticed a tentacled starspawn
 22348 | Lair:6   | Noticed a deep elf sorcerer
 22348 | Lair:6   | Noticed a starcursed mass
 22348 | Lair:6   | Noticed a starcursed mass
 22348 | Lair:6   | Noticed an Executioner
 22348 | Lair:6   | Noticed a starcursed mass
 22351 | Lair:6   | Noticed a tentacled starspawn
 22352 | Lair:6   | Noticed a starcursed mass
 22353 | Lair:6   | Noticed a tentacled starspawn
 22356 | Lair:6   | Noticed a starcursed mass
 22356 | Lair:6   | Noticed a tentacled starspawn
 24371 | Orc:1    | Entered Level 1 of the Orcish Mines
 24375 | Orc:1    | Gained mutation: A demonic guardian rushes to your aid.
                  | [demonic ancestry]
 24375 | Orc:1    | Reached XP level 15. HP: 119/126 MP: 25/27
 24812 | Orc:1    | Noticed an orc warlord
 24904 | Orc:1    | Killed an orc warlord
 25027 | Orc:2    | Entered Level 2 of the Orcish Mines
 25155 | Orc:2    | Found Igocsije's Antique Armour Emporium.
 25259 | Orc:2    | Bought a polished plate armour for 840 gold pieces
 25260 | Orc:2    | Identified the +2 plate armour "Mipseisch" {Dex+7} (You
                  | bought it in a shop on level 2 of the Orcish Mines)
 25291 | Orc:2    | Found Kahot's Antique Weapon Shop.
 25567 | Orc:2    | Found Haink's General Store.
 25613 | Orc:2    | Found Atoqadu's Jewellery Boutique.
 25674 | Orc:2    | Found a staircase to the Elven Halls.
 26320 | D:13     | Paralysed by a wizard for 2 turns
 26531 | D:14     | Got a transparent long sword
 26532 | D:14     | Identified the +9 long sword of the Scorpion {vorpal, rF+
                  | Int+2 Stlth+} (You found it on level 14 of the Dungeon)
 26632 | D:14     | Paralysed by a hornet for 2 turns
 26634 | D:14     | Reached skill level 5 in Shields
 27029 | D:14     | Reached skill level 10 in Maces & Flails
 27062 | D:14     | Found a glowing golden altar of the Shining One.
 27130 | D:14     | Found a stormy altar of Qazlal.
 27514 | D:15     | Entered Level 15 of the Dungeon
 27520 | D:15     | Found Kyadys's Jewellery Shoppe.
 27558 | D:15     | Bought an uncursed ring of resist corrosion for 340 gold
                  | pieces
 27890 | D:15     | Found a staircase to the Depths.
 29006 | Orc:2    | Bought an embroidered scarf for 240 gold pieces
 29467 | Depths:1 | Entered Level 1 of the Depths
 29910 | Depths:1 | Noticed a tengu reaver
 30004 | Depths:1 | Banished a tengu reaver
 30004 | Depths:1 | Reached XP level 16. HP: 90/133 MP: 15/28
 30072 | Depths:1 | Found a one-way gate to the infinite horrors of the Abyss.
 30147 | Depths:1 | HP: 1/133 [iron troll (33)]
 30147 | Depths:1 | Mangled by an iron troll

Illustrated notes

Levels and vault maps discovered:
D:1:      wheals_arrival_linesprint, layout_loops_ring
D:2:      layout_loops_ring, dancing_weapons_uskayaw, lemuel_doored_altar,
          corexii_corridor_pit, uniq_robin, uniq_jessica
D:3:      layout_loops_corners, lemuel_zombie_altar_kikubaaqudgha,
          nicolae_overflow_crystal_walls, uniq_ijyb, uniq_crazy_yiuf_cottage
D:4:      layout_rooms, okawaru_trees_1, eino_tiny_chamber
D:5:      layout_rooms, old_standard_altar, uniq_grinder
D:6:      layout_loops_ring, elyvilon_altar_3, basic_altar
D:7:      layout_gridville, kennysheep_mini_moat,
          minmay_temple_entry_sparse_star
D:8:      layout_layer_cave, disabler_island
D:9:      layout_basic, lair_entry_dummy, xom_redecorated, uniq_erica
D:10:     layout_loops_ring, orc_0_dummy, serial_shops, shop,
          minmay_mirror_moons_of_madness
D:11:     layout_rooms, corner_web_ring, uniq_josephine
D:12:     layout_rooms, serial_co_window_serial, co_window_paths_a,
          co_window_paths_a, co_window_paths_a, co_window_paths_b,
          co_window_corner_a, co_window_of_opportunity_b, co_window_2corner,
          co_window_of_opportunity_b, co_window_broadway_b, co_window_corner_cb,
          co_window_4corner_b, glass_columns_b, glass_columns_b
D:13:     layout_gridville, grunt_vaults_entry_tiered
D:14:     lemuel_flame_loot_2, layout_stronghold, basic_altar,
          grunt_decor_clamped, minivault_11, tso_altar
D:15:     hangedman_depths_entry_civil_slaughter, layout_grid_maze,
          serial_shops, shop, chequers_mini_garden
Lair:1:   layout_roguey, grunt_megastairs_5
Lair:2:   layout_cave_shapes, palyth_hydra_swamp_entry, basic_altar,
          gauntlet_entry_generic, uniq_gastronok
Lair:3:   layout_gridlike, nicolae_spider_entry_orb_guardian,
          infiniplex_staircase_pool, grunt_megastairs_4
Lair:4:   layout_layer_cave, enter_volcano_1, minmay_lair_oklob_chamber
Lair:5:   layout_regular_city, dpeg_slime_entry_corner, minmay_holes,
          beast_lair_carwin_2, serial_bayou_shore_a
Lair:6:   grunt_lair_end_beastmaster, layout_big_grid
Orc:1:    layout_diamond_mine, serial_shops, nicolae_shop_waterfront,
          nicolae_orc_crystal_geode, uniq_snorg
Orc:2:    grunt_orc_gardens, layout_diamond_mine, grunt_orc_garden,
          grunt_orc_garden, grunt_orc_garden, grunt_orc_garden
Depths:1: layout_gridlike, nicolae_trove_entry_path_of_doom,
          columned_hall_lemuel, abyss_entry, grunt_hell_entry_dis_old,
          lightli_gold_pyramid

Skill      XL: |  1  2  3  4  5  6  7  8  9 10 11 12 13 14 15 |
---------------+----------------------------------------------+-----
Dodging        | 1 2 3 4 5 6 7 8 9 |  9.5
Armour         | 2 3 4 5 6 7 8 9 |  9.6
Invocations    | 3 4 5 6 7 9 11 12 14 15 17 | 17.7
Fighting       | 4 5 6 7 9 10 11 12 13 14 | 14.3
Long Blades    | 1 |  1.9
Axes           | 2 4 |  4.0
Shields        | 3 7 |  7.3
Maces & Flails | 8 11 | 11.8

Action                   |  1- 3 |  4- 6 |  7- 9 | 10-12 | 13-15 | 16-18 || total
-------------------------+-------+-------+-------+-------+-------+-------++-------
Melee: Hand axe          |    95 |    77 |       |       |       |       ||   172
       War axe           |       |   128 |   404 |   656 |   288 |       ||  1476
       Halberd           |       |       |       |   192 |   562 |       ||   754
       Scimitar          |       |       |       |    77 |       |       ||    77
       Morningstar       |       |       |       |       |  1066 |    41 ||  1107
Invok: Depart the Abyss  |     1 |       |       |       |       |       ||     1
       Bend Space        |       |     2 |       |     2 |     4 |       ||     8
       Banish            |       |       |       |    18 |    31 |     1 ||    50
       Corrupt           |       |       |       |       |     1 |       ||     1
Evoke: Wand              |       |       |       |     2 |       |       ||     2
  Use: Scroll            |     4 |     2 |     1 |     6 |    29 |       ||    42
       Potion            |       |       |       |     5 |     3 |       ||     8
 Stab: Distracted        |     1 |       |     2 |     3 |     6 |       ||    12
       Sleeping          |       |     1 |       |       |       |       ||     1
       Petrified         |       |       |       |       |    12 |       ||    12
Armor: Chain mail        |   105 |    10 |       |       |       |       ||   115
       Leather armour    |       |    85 |   264 |   478 |       |       ||   827
       Troll leather arm |       |       |       |   165 |   836 |       ||  1001
       Plate armour      |       |       |       |       |   318 |    16 ||   334
Dodge: Dodged            |    41 |   120 |   415 |  1047 |  1587 |    15 ||  3225
Block: Kite shield       |       |       |       |       |   767 |    24 ||   791
       Rpst.: Scimitar   |       |       |       |    14 |       |       ||    14

Table legend: (Time is in decaauts)
 A = Elapsed time spent in this place.
 B = Non-inter-level travel time spent in this place.
 C = Inter-level travel time spent in this place.
 D = Time resting spent in this place.
 E = Time spent auto-exploring this place.
 F = Levels seen in this place.
 G = Mean time per level.
                   A        B        C        D        E       F      G
               +--------+--------+--------+--------+--------+-----+--------+
         Total |  31544 |  29420 |   2124 |   6836 |  13179 |  27 | 1168.3 |
       Dungeon |  19759 |  18430 |   1329 |   4047 |   8752 |  15 | 1317.3 |
          Lair |   9030 |   8366 |    664 |   2247 |   3462 |   6 | 1505.0 |
  Orcish Mines |   1807 |   1677 |    130 |    285 |    816 |   2 |  903.5 |
        Depths |    556 |    556 |      0 |    257 |     95 |   1 |  556.0 |
         Abyss |     56 |     56 |      0 |      0 |      0 |   2 |   28.0 |
       Volcano |    333 |    333 |      0 |      0 |     54 |   1 |  333.0 |
               +--------+--------+--------+--------+--------+-----+--------+

Top non-repeatable levels by time:
    D:13: 2815 daAuts
  Lair:5: 2469 daAuts
    D:12: 2261 daAuts
  Lair:1: 1960 daAuts
     D:8: 1921 daAuts
    D:10: 1778 daAuts
  Lair:2: 1593 daAuts
    D:15: 1494 daAuts
    D:11: 1442 daAuts
    D:14: 1383 daAuts
  Lair:4: 1312 daAuts
     D:3: 1254 daAuts
     D:6: 1102 daAuts
  Lair:3: 1060 daAuts
     D:9: 1013 daAuts
